 Dungeon Crawl Stone Soup version 0.28-b1-1-g3c77fb2 (webtiles) character file.

Game seed: 1947153895696273374

1101 BALLS the Slasher (level 8, -2/42 HPs)
             Began as a Vine Stalker Fighter on Jan 26, 2022.
             Was an Initiate of Okawaru.
             Succumbed to a water moccasin's poison
             ... on level 6 of the Dungeon.
             The game lasted 00:09:40 (4208 turns).

BALLS the Slasher (Vine Stalker Fighter)            Turns: 4208, Time: 00:09:41

Health: -2/42      AC:  7    Str: 22    XL:     8   Next: 32%
Magic:  2/9        EV:  9    Int:  8    God:    Okawaru [......]
Gold:   28         SH:  5    Dex: 13    Spells: 7/7 levels left

rFire   + . .      SeeInvis .   a - +0 long sword
rCold   + . .      Faith    .   c - +0 buckler
rNeg    + . .      Spirit   +   b - +0 scale mail
rPois   .          Reflect  .   i - +0 hat
rElec   .          Harm     .   q - scarf {rC+ rF+}
rCorr   .          Rampage  .   (no gloves)
Will    +....                   (no boots)
Stlth   ..........              (no amulet)
HPRegen 0.94/turn               o - ring of positive energy
MPRegen 0.11/turn               (no ring)

@: lethally poisoned (-2 -> -19), hasted, very quick
A: fangs 3, regeneration 1, magic shield, antimagic bite, no potion heal 2
a: Renounce Religion


You were on level 6 of the Dungeon.
You worshipped Okawaru.
Okawaru was noncommittal.
You visited 2 branches of the dungeon, and saw 7 of its levels.

You collected 234 gold pieces.
You spent 206 gold pieces at shops.

Inventory:

Hand Weapons
 a - a +0 long sword (weapon)
Armour
 b - a +0 scale mail (worn)
 c - a +0 buckler (worn)
 i - a +0 hat (worn)
 q - a scarf of resistance (worn)
Jewellery
 o - a ring of positive energy (left hand)
 u - a ring of fire
Wands
 t - a wand of acid (7)
Scrolls
 e - a scroll of fear
 f - a scroll of blinking {unknown}
 h - a scroll of enchant armour
 j - a scroll of vulnerability {unknown}
 k - 2 scrolls of fog
 r - a scroll of noise {unknown}
Potions
 d - 3 potions of might
 g - a potion of mutation {unknown}
 m - 3 potions of heal wounds
 n - a potion of berserk rage {unknown}
 p - a potion of haste
 s - 4 potions of degeneration


   Skills:
 + Level 4.3 Fighting
 - Level 7.0 Long Blades
 - Level 3.9 Armour
 - Level 0.6 Dodging
 - Level 0.1 Stealth
 - Level 3.5 Shields


You had 7 spell levels left.
You didn't know any spells.
Your spell library contained the following spells:

 Spells                   Type           Power      Damage    Failure   Level
 Magic Dart               Conj           0%         1d3       82%         1
 Searing Ray              Conj           0%         2d4       91%         2
 Fulminant Prism          Conj/Hex       0%         3d6       100%        4


Dungeon Overview and Level Annotations

Branches:
Dungeon (6/15)             Temple (1/1) D:6

Altars:
Ashenzari
Dithmenos
Elyvilon
Fedhas
Gozag
Hepliaklqana
Nemelex Xobeh
Okawaru
Qazlal
Ru
Sif Muna
Trog
Uskayaw
Vehumet
Wu Jian
Yredelemnul
Zin

Shops:
D:5 [=?=[


Innate Abilities, Weirdness & Mutations

You have razor-sharp teeth.
Your natural rate of healing is unusually fast.
When hurt, damage is shared between your health and your magic reserves.
Your bite disrupts and absorbs the magic of your enemies.
Potions cannot restore your health.


Message History

You closely miss the water moccasin.
You feel very sick. The water moccasin bites you.
You are more poisoned.
The water moccasin poisons you!
You hit the water moccasin. Your bite misses the water moccasin.
The water moccasin is lightly wounded.
You feel very sick. The water moccasin barely misses you.
The water moccasin bites you.
You slash the water moccasin!
The water moccasin is heavily wounded.
You feel very sick. The water moccasin barely misses you.
You completely miss the water moccasin.
The water moccasin is heavily wounded.
You feel very sick.
The water moccasin barely misses you. x2
You closely miss the water moccasin. Your bite misses the water moccasin.
The water moccasin is heavily wounded.
You feel sick. The water moccasin barely misses you.
The water moccasin bites you.
You are more poisoned.
The water moccasin poisons you!
You closely miss the water moccasin. Your bite misses the water moccasin.
The water moccasin is heavily wounded.
* * * LOW HITPOINT WARNING * * *
You feel very sick.
The water moccasin bites you but does no damage.
You barely miss the water moccasin. Your bite misses the water moccasin.
The water moccasin is heavily wounded.
* * * LOW HITPOINT WARNING * * *
You feel very sick. The water moccasin bites you.
* * * LOW HITPOINT WARNING * * *
The water moccasin bites you.
* * * LOW HITPOINT WARNING * * *
You are more poisoned.
The water moccasin poisons you!
You feel yourself speed up.
You die...

#... #....... #...#...
##....... #...#...
......... #...#...
....$...#########...#...
........#......##...#...
........#......#....#...
.......S#......#....#...
.......@'......#....#...
........#..(...##...#...
........#...>..##...#...
.......!#...........#...
........#...........#...
........#......##...#...
........#...............
........###..#.....#....
......##.....##...


You could see a water moccasin.

Vanquished Creatures
  A water moccasin (D:6)
  2 black bears
  An ogre (D:5)
  A phantom (D:5)
  4 scorpions
  An orc priest (D:6)
  A jelly (D:5)
  A centaur skeleton (D:5)
  An iguana (D:4)
  An orc wizard (D:6)
  A hound skeleton (D:4)
  4 gnolls (D:4)
  11 adders
  3 worms
  5 dart slugs
  6 orcs
  5 bats
  10 endoplasms
  2 giant cockroaches
  5 goblins
  8 hobgoblins
  10 jackals
  7 quokkas
  12 ball pythons
  4 frilled lizards
  13 kobolds
  6 rats
  A spectral hobgoblin (D:2)
127 creatures vanquished.

Notes
Turn   | Place    | Note
-------+----------+-------------------------------------------
     0 | D:1      | BALLS the Vine Stalker Fighter began the quest for the Orb.
     0 | D:1      | Reached XP level 1. HP: 11/11 MP: 2/2
   119 | D:2      | Reached XP level 2. HP: 16/16 MP: 3/3
   314 | D:3      | Reached XP level 3. HP: 20/20 MP: 4/4
   377 | D:3      | Reached skill level 2 in Long Blades
   498 | D:3      | Noticed a scorpion
   504 | D:3      | Killed a scorpion
   505 | D:3      | Gained mutation: Your natural rate of healing is unusually
                  | fast. [Vine Stalker growth]
   505 | D:3      | Reached XP level 4. HP: 3/24 MP: 2/5
   711 | D:2      | Reached XP level 5. HP: 26/26 MP: 3/6
  1286 | D:1      | Reached skill level 3 in Long Blades
  1735 | D:2      | Found a faded altar of an unknown god.
  2497 | D:4      | Reached XP level 6. HP: 30/32 MP: 7/7
  2878 | D:5      | Entered Level 5 of the Dungeon
  2913 | D:5      | Reached skill level 4 in Long Blades
  2952 | D:5      | Reached XP level 7. HP: 17/36 MP: 5/8
  3032 | D:5      | Reached skill level 5 in Long Blades
  3187 | D:5      | Found Oreesk's Jewellery Shop.
  3198 | D:5      | Found Yzxiustrod's Antique Armour Shop.
  3247 | D:5      | Found Weolas's Magic Scroll Boutique.
  3256 | D:5      | Bought a scroll of identify for 26 gold pieces
  3377 | D:5      | Found Gysuful's Antique Armour Shoppe.
  3413 | D:5      | Found Cetain's Jewellery Shop.
  3452 | D:5      | Reached skill level 6 in Long Blades
  3517 | D:5      | Gained mutation: You have razor-sharp teeth. [Vine Stalker
                  | growth]
  3517 | D:5      | Reached XP level 8. HP: 23/40 MP: 5/9
  3603 | D:5      | Found a sacrificial altar of Ru.
  3689 | D:6      | Found a staircase to the Ecumenical Temple.
  3777 | Temple   | Entered the Ecumenical Temple
  3794 | Temple   | Became a worshipper of Warmaster Okawaru
  4055 | D:5      | Bought a pair of shimmering gloves for 180 gold pieces
  4055 | D:5      | Identified the +0 pair of gloves "Acvy" {Contam Fly Int+9}
                  | (You bought it in a shop on level 5 of the Dungeon)
  4116 | D:6      | Reached skill level 7 in Long Blades
  4208 | D:6      | Succumbed to a water moccasin's poison

Illustrated notes

Levels and vault maps discovered:
D:1:      amcnicky_arrival_underground_garden, layout_loops_ring,
          minmay_tromino_v4_a
D:2:      layout_loops_ring, dreamdust_ecumenical_altar_drowned_temple
D:3:      layout_basic
D:4:      layout_basic, minmay_vboxes
D:5:      layout_cave_pools, kennysheep_little_box, serial_shops,
          nicolae_shop_behind_doors, nicolae_shop_behind_doors,
          nicolae_lakefront_shop, shop, nicolae_shop_statue_plus, st_stairs_2
D:6:      layout_gridville, lemuel_round_altar, minmay_temple_entry_waves,
          uniq_edmund
Temple:   eino_temple_rhombus

Skill      XL: |  1  2  3  4  5  6  7  8 |
---------------+-------------------------+-----
Shields        | 3 |  3.5
Fighting       | 3 4 |  4.3
Long Blades    | 2 3 4 6 7 |  7.0
Armour         | 3 |  3.9
Dodging        | |  0.6
Stealth        | |  0.1

Action                   |  1- 3 |  4- 6 |  7- 9 || total
-------------------------+-------+-------+-------++-------
Melee: Long sword        |    48 |   227 |    96 ||   371
       Bite              |     9 |    48 |    26 ||    83
  Use: Scroll            |       |       |     6 ||     6
       Potion            |       |       |     1 ||     1
Armor: Scale mail        |    14 |    93 |    44 ||   151
Dodge: Dodged            |    18 |   100 |    53 ||   171
Block: Buckler           |     9 |    52 |    27 ||    88
